 Dungeon Crawl Stone Soup version 0.18-a0-1718-g40ea4b6 (webtiles) character file.

346846 dvd the Imperceptible (level 21, -18/105 HPs)
             Began as a Spriggan Enchanter on Apr 8, 2016.
             Was the Champion of Dithmenos.
             Blown up by Boris (91 damage)
             ... with an orb of destruction
             ... on level 4 of the Vaults on Apr 13, 2016.
             The game lasted 06:15:08 (60982 turns).

dvd the Imperceptible (Spriggan Enchanter)         Turns: 60982, Time: 06:15:09

Health: -18/105    AC: 17    Str:  6    XL:     21   Next: 50%
Magic:  6/45       EV: 31    Int: 30    God:    Dithmenos [******]
Gold:   5247       SH: 17    Dex: 20    Spells: 14 memorised, 9 levels left

rFire  + + .     SeeInvis +     F - +9 dagger (vamp)
rCold  + . .     Gourm    .     T - +3 robe of Clouds {+Fly rElec}
rNeg   . . .     Faith    .     L - +3 buckler {rF+}
rPois  +         Spirit   .     Q - +2 hat "Riuheaf" {MR+ SInv}
rElec  +         Dismiss  .     z - +2 cloak {rPois}
rCorr  .         Reflect  .     (gloves unavailable)
SustAt .         Harm     +     (boots unavailable)
MR     ++++.                    q - amulet of Tifi {Harm *Drain +Inv}
Stlth  ++++++++++               u - ring of protection from cold
                                J - ring "Gifu" {rF+ Str+2 Int+3 Slay+6 SInv}

@: very slightly contaminated, wreathed by umbra, deflect missiles, corpse
armour, very quick, incredibly resistant to hostile enchantments, uncannily
stealthy
A: unfitting armour, large bone plates 1, thin skeletal structure 1, see
invisible, clever 1, herbivore 3, speed 3, shaggy fur 1, slow metabolism 2
a: Shadow Step, Shadow Form, Renounce Religion, Evoke Invisibility, Evoke Flight
}: 1/15 runes: serpentine


You were on level 4 of the Vaults.
You worshipped Dithmenos.
Dithmenos was exalted by your worship.
You were not hungry.

You visited 7 branches of the dungeon, and saw 37 of its levels.
You also visited: Labyrinth, Ossuary, Bailey, Volcano and Wizlab.

You collected 5533 gold pieces.
You spent 286 gold pieces at shops.

Inventory:

Hand Weapons
 t - a +4 rapier of draining
 F - a +9 vampiric dagger (weapon)
Missiles
 R - 71 tomahawks (quivered)
Armour
 j - the +0 robe "Nafykor" {rN+ Int+4 SInv}
   (You found it on level 5 of the Lair of Beasts)

   It affects your intelligence (+4).
   It protects you from negative energy.
   It lets you see invisible.
 k - the +0 cloak of the Will of the Gods {-Tele rPois rC+ rN+}
   (You found it on level 3 of the Elven Halls)

   It protects you from cold.
   It protects you from poison.
   It protects you from negative energy.
   It prevents most forms of teleportation.
 z - a +2 cloak of poison resistance (worn)
 L - a +3 buckler of fire resistance (worn)
 Q - the +2 hat "Riuheaf" (worn) {MR+ SInv}
   (You found it on level 3 of the Elven Halls)

   It affects your resistance to hostile enchantments.
   It lets you see invisible.
 T - the +3 robe of Clouds (worn) {+Fly rElec}
   (You took it off a Cloud Mage in a wizard's laboratory)

   It insulates you from electricity.
   It lets you fly.
 U - a +2 robe of cold resistance
Jewellery
 a - the ring "Xiqyf" {Int+4 Dex+2}
   (You took it off a deep elf sorcerer on level 3 of the Elven Halls)

   [ring of dexterity]

   It affects your intelligence (+4).
   It affects your dexterity (+2).
 c - a +4 ring of protection
 q - the amulet of Tifi (around neck) {Harm *Drain +Inv}
   (You took it off a deep elf sorcerer on level 3 of the Elven Halls)

   [amulet of harm]

   It increases damage dealt and taken.
   It lets you turn invisible.
 u - a ring of protection from cold (right hand)
 J - the ring "Gifu" (left hand) {rF+ Str+2 Int+3 Slay+6 SInv}
   (You took it off a deep elf master archer on level 3 of the Elven Halls)

   [ring of slaying]

   It affects your strength (+2).
   It affects your intelligence (+3).
   It affects your accuracy and damage with ranged weapons and melee attacks
   (+6).
   It protects you from fire.
   It lets you see invisible.
 P - an uncursed ring of resist corrosion
Wands
 p - a wand of hasting (9/9)
 y - a wand of digging (7/24)
 E - a wand of acid (11/15)
 I - a wand of lightning (4/15)
 K - a wand of teleportation (6/9)
 N - a wand of iceblast (10/15)
 S - a wand of disintegration (12/24)
 X - a wand of heal wounds (8/9)
Scrolls
 d - 11 scrolls of identify
 e - 4 scrolls of recharging
 i - 9 scrolls of teleportation
 m - a scroll of magic mapping
 o - 2 scrolls of enchant weapon
 x - 11 scrolls of remove curse
 M - 7 scrolls of fog
 W - a scroll of fear
 Y - 3 scrolls of blinking
Potions
 f - 9 potions of invisibility
 g - a potion of flight
 h - 2 potions of might
 l - 2 potions of brilliance
 n - 3 potions of agility
 r - 14 potions of curing
 s - 9 potions of haste
 B - 8 potions of magic
 D - 5 potions of resistance
 G - a potion of heal wounds
 V - 2 potions of cancellation
Books
 b - the Compendium of Freezing Arcane Weapons
   (You found it on level 1 of the Vaults)

   Spells                             Type                      Level
   a - Shock                          Conjuration/Air              1
   b - Ensorcelled Hibernation        Hexes/Ice                    2
   c - Iskenderun's Battlesphere      Conjuration/Charms           5
   d - Iron Shot                      Conjuration/Earth            6
   e - Ozocubu's Refrigeration        Ice                          6
 w - a book of Beasts

   Spells                             Type                      Level
   a - Summon Butterflies             Summoning                    1
   b - Call Canine Familiar           Summoning                    3
   c - Summon Ice Beast               Ice/Summoning                4
   d - Summon Mana Viper              Hexes/Summoning              5
   e - Summon Hydra                   Summoning                    7
 C - a book of Alchemy

   Spells                             Type                      Level
   a - Sublimation of Blood           Necromancy                   2
   b - Ignite Poison                  Fire/Transmutation/Poison    3
   c - Petrify                        Transmutation/Earth          4
   d - Alistair's Intoxication        Transmutation/Poison         5
   e - Irradiate                      Conjuration/Transmutation    5
Comestibles
 v - 19 bread rations
 A - 22 fruits


   Skills:
 + Level 9.3 Fighting
 + Level 10.2 Short Blades
 + Level 13.7 Dodging
 + Level 25.0 Stealth
 + Level 5.3 Shields
 + Level 19.7 Spellcasting
 + Level 3.2 Conjurations
 + Level 16.8 Hexes
 + Level 8.8 Charms
 + Level 5.1 Necromancy
 + Level 3.6 Translocations
 + Level 3.1 Transmutations
 + Level 7.5 Ice Magic
 + Level 8.5 Air Magic
 + Level 2.0 Poison Magic
 + Level 10.6 Invocations
 + Level 1.0 Evocations


You had 9 spell levels left.
You knew the following spells:

 Your Spells              Type           Power        Failure   Level  Hunger
a - Deflect Missiles      Chrm/Air       ######....   8%          6    None
b - Ensorcelled Hibernat  Hex/Ice        ######       0%          2    None
c - Confuse               Hex            #######.     0%          3    None
d - Tukima's Dance        Hex            #######.     0%          3    None
e - Sting                 Conj/Pois      ####         1%          1    None
f - Cure Poison           Pois           #####.....   1%          2    None
g - Dazzling Spray        Conj/Hex       ######..     1%          3    None
h - Fulminant Prism       Conj/Hex       ######....   1%          4    None
i - Airstrike             Air            ######....   1%          4    None
j - Invisibility          Hex            #######.     1%          6    None
k - Apportation           Tloc           ######....   1%          1    None
l - Yara's Violent Unrav  Hex/Trmt       ######....   1%          5    None
m - Cigotuvi's Embrace    Necr           ######....   6%          5    None
n - Summon Mana Viper     Hex/Summ       ######..     1%          5    None


Dungeon Overview and Level Annotations

Branches:
Dungeon (15/15)            Temple (1/1) D:7            Lair (8/8) D:10
 Shoals (0/4) Lair:6        Snake (4/4) Lair:6        Slime (0/6) Lair:6
    Orc (2/2) D:10            Elf (3/3) Orc:2        Vaults (4/5) D:14
  Crypt (0/3) Vaults:3     Depths (0/5) D:15

Altars:
Ashenzari
Cheibriados
Dithmenos
Elyvilon
Fedhas
Gozag
Kikubaaqudgha
Makhleb
Nemelex Xobeh
Okawaru
Pakellas
Qazlal
Ru
Sif Muna
Xom
Yredelemnul
Zin
The Shining One
Beogh

Shops:
D:14 [   Orc:1 (   Orc:2 }!%[   Elf:2 }   Snake:3 :   Snake:4 ?   Vaults:3 (

Portals:
Trove: Elf:3 (give +2 shadow dragon armour)

Annotations:
Vaults:4 Boris


Innate Abilities, Weirdness & Mutations

You are tiny and cannot use many weapons and most armour.
You have supernaturally acute eyesight.
You are a herbivore.
You cover ground extremely quickly.
You need consume almost no food.
You are partially covered in large bone plates (AC +2, SH +2).
You have a somewhat thin skeletal structure (Dex +2, Stealth).
Your mind is acute. (Int +2)
You are covered in fur (AC +1).


Message History

Aiming: Airstrike
Press: ? - help, Dir - move target cursor, f/p - Boris
Aim: Boris, wearing a runed robe (black smoke, moderately damaged, slightly transparent, umbra)
You miscast Airstrike.
You are very lightly contaminated with residual magic.
Ouch! You gave yourself an electric shock.
Boris misses you. Boris closely misses you.
A chunk of your corpse armour falls away.
Casting: Airstrike
Confirm with . or Enter, or press ? or * to list all spells.
You don't have enough magic to cast that spell.
Unknown command.
A chunk of your corpse armour falls away.
You are standing in the rain.
Boris conjures a glowing orb.
An orb of destruction comes into view.
Found a robe.
The orb of destruction hits you!
Ouch! That really hurt!
You die...

#............#..§≈.§..#
#§..§......§.#.....<..#
#§.##....##..#........#
#..###..###..#........#
#..###..###..##########
#..≈.........#
#............#
######'#################
............@§.§.........
...........§..§§.........
...............§.........
............)..§.........
..............§§}........
............)..§...§.....
#########....)§§.§......#
.........#.≈...§§........#
$..)....#.......§.......#


There were no monsters in sight!

Vanquished Creatures
  Vashnia (Snake:3)
  Nikola (Snake:1)
  A Cloud Mage (WizLab)
  Rupert (Lair:3)
  2 deep elf blademasters (Elf:3)
  Frances (D:14)
  2 deep elf master archers (Elf:3)
  Kirke (Lair:7)
  Roxanne (Snake:1)
  A sphinx (Vaults:1)
  10 greater nagas
  7 deep elf sorcerers (Elf:3)
  Donald (Vaults:1)
  A fire giant (Vaults:1)
  4 ironheart preservers
  6 deep elf elementalists
  8 vault wardens
  A frost giant (Vaults:3)
  Aizul (Snake:2)
  A salamander stormcaller (Vaults:3)
  Nessos (D:14)
  3 stone giants
  4 deep elf demonologists (Elf:3)
  7 deep elf annihilators
  Azrael (D:12)
  A dire elephant (D:14)
  3 fire dragons
  A minotaur (Lab)
  7 deep elf death magi
  Josephine (Snake:1)
  5 vault guards
  4 ice dragons
  5 yaktaur captains
  2 great orbs of eyes
  3 deep elf high priests (Elf:3)
  Fannar (Lair:3)
  15 naga warriors
  10 hydras
  The ghost of Sagrath01 the Cutter, a journeyman DsWn of Fedhas (Lair:3)
  A death knight (Vaults:3)
  2 spriggan air magi (WizLab)
  39 dancing weapons
  A deep troll shaman (Vaults:2)
  9 anacondas
  5 centaur warriors
  12 death yaks
  Urug (Lair:3)
  4 ogre magi
  5 shock serpents
  20 deep elf knights
  18 naga sharpshooters
  A hell knight (Vaults:3)
  A salamander mystic (Snake:4)
  A fire crab (shapeshifter) (D:14)
  2 shadow wraiths (Vaults:3)
  A titan skeleton (Vaults:4)
  A fire crab (Vaults:3)
  An unseen horror (D:12)
  A giant orange brain (Vaults:1)
  3 sea snakes (Snake:3)
  An unseen horror (shapeshifter) (Vaults:2)
  A flayed ghost (Vaults:2)
  A death drake (shapeshifter) (Vaults:3)
  6 ironbrand convokers
  5 deep trolls
  3 naga ritualists
  2 hill giants
  23 deep elf archers
  5 mana vipers
  10 orc knights
  4 necromancers
  4 lindwurms (Lair:6)
  3 griffons
  31 ugly things
  A hornet (shapeshifter) (Vaults:3)
  6 salamanders
  A frost giant zombie (Vaults:2)
  3 wolf spiders
  3 manticores
  60 deep elf magi
  4 orc sorcerers
  7 cyclopes
  A fire giant skeleton (Vaults:4)
  4 elephants (Lair:3)
  10 naga magi
  A molten gargoyle (Volcano)
  33 black mambas
  8 vault sentinels
  2 torpor snails
  A guardian serpent (Snake:3)
  2 gargoyles
  9 rime drakes
  8 komodo dragons
  2 centaur skeletons
  24 spiny frogs
  A kobold demonologist (D:13)
  A minotaur zombie (Lab)
  4 freezing wraiths
  14 yaktaurs
  2 tengu conjurers (D:14)
  A troll (shapeshifter) (Vaults:3)
  2 polar bears
  A human skeleton (Vaults:4)
  4 trolls
  6 wind drakes (WizLab)
  12 slime creatures
  A two-headed ogre (D:14)
  The ghost of dvd the Shooter, an amateur CeAM (D:3)
  A tengu simulacrum (Vaults:2)
  A raiju (shapeshifter) (Vaults:3)
  3 giant leeches
  An ettin zombie (Vaults:2)
  2 boulder beetles
  17 blink frogs
  A shadow (D:14)
  A tarantella (Vaults:4)
  A redback (shapeshifter) (Vaults:3)
  33 air elementals
  4 redbacks
  8 wyverns
  56 yaks
  A tarantella (shapeshifter) (Vaults:4)
  7 wraiths
  A human (D:10)
  11 water elementals
  11 fire elementals
  18 hippogriffs
  4 hungry ghosts (Lab)
  5 basilisks
  A hippogriff (shapeshifter) (Vaults:3)
  17 vampire mosquitoes
  A hog (D:10)
  10 insubstantial wisps (WizLab)
  3 large abominations (Elf:1)
  3 mottled dragons (Vaults:2)
  11 wargs
  23 nagas
  17 water moccasins
  11 porcupines
  5 hell hounds
  A wasp (D:8)
  2 black bears
  4 sky beasts
  3 eyes of draining
  2 ice beasts
  23 orc warriors
  12 wolves
  8 ogres
  15 centaurs
  4 phantoms
  7 crocodiles
  2 elf zombies (Elf:1)
  30 giant frogs
  2 gnoll sergeants
  2 earth elementals
  2 scorpions
  5 killer bees (D:14)
  3 wights (D:7)
  5 electric eels
  6 crimson imps
  2 giant frog zombies
  4 centaur zombies
  2 quasits
  4 hounds
  A human simulacrum (Vaults:4)
  5 human zombies
  6 jellies
  A giant frog skeleton (D:5)
  6 orc priests
  10 orc wizards
  7 iguanas
  Jessica (D:3)
  Terence (D:3)
  Natasha (thrice) (D:3)
  7 worker ants
  29 sheep
  A big kobold zombie (Ossuary)
  2 hound skeletons (D:4)
  3 mummies (Ossuary)
  A worker ant zombie (D:6)
  11 adders
  6 gnolls
  37 river rats
  2 shadow imps
  4 oozes
  An adder zombie (Ossuary)
  2 dart slugs (D:1)
  5 giant geckos
  81 orcs
  4 giant cockroaches
  4 goblins
  10 hobgoblins
  5 jackals (D:1)
  2 quokkas
  2 ball pythons
  8 bats
  A giant gecko skeleton (D:4)
  2 giant newts
  2 goblin zombies (Ossuary)
  7 hobgoblin zombies (Ossuary)
  2 jackal zombies (Ossuary)
  3 kobolds
  4 kobold zombies (Ossuary)
  2 orc zombies (Ossuary)
  2 quokka zombies (Ossuary)
  11 rats
  2 rat zombies (Ossuary)
  2 crawling corpses (Elf:3)
  A fulminant prism (Snake:3)
  6 fungi
1349 creatures vanquished.

Vanquished Creatures (collateral kills)
  A frost giant (Vaults:3)
  3 vault wardens
  2 ironheart preservers (Vaults:2)
  9 vault guards
  An ettin (Vaults:3)
  3 naga warriors
  An ogre mage (Vaults:1)
  A death knight (Vaults:3)
  5 naga sharpshooters
  6 deep elf knights
  2 deep elf archers
  2 hill giants
  A naga ritualist (Snake:4)
  3 ironbrand convokers (Vaults:4)
  9 orc knights
  An ugly thing (Vaults:1)
  14 deep elf magi
  A wolf spider (Vaults:4)
  3 salamanders
  4 naga magi
  A vault sentinel (Vaults:2)
  2 yaktaurs
  6 two-headed ogres
  2 wargs
  32 nagas
  22 orc warriors
  3 ogres
  2 orc wizards
  A gnoll (D:7)
  23 orcs
166 creatures vanquished.

Vanquished Creatures (others)
  A deep elf knight (Elf:3)
  A deep elf archer (Elf:1)
  A deep elf mage (Elf:3)
  A rime drake (Lair:7)
  41 dancing weapons
  3 humans (Lair:7)
  A vampire mosquito (Vaults:2)
  A crocodile (Lair:7)
  An elf zombie (Elf:1)
  A giant frog (Lair:7)
  An orc wizard (Vaults:2)
  A bush (Lair:8)
  50 fulminant prisms
  48 fungi
  62 plants
214 creatures vanquished.

Grand Total: 1729 creatures vanquished

Notes
Turn   | Place    | Note
--------------------------------------------------------------
     0 | D:1      | dvd the Spriggan Enchanter began the quest for the Orb.
     0 | D:1      | Reached XP level 1. HP: 9/9 MP: 5/5
   557 | D:1      | Reached XP level 2. HP: 7/13 MP: 4/7
   601 | D:1      | Learned a level 2 spell: Ensorcelled Hibernation
  1417 | D:1      | Reached XP level 3. HP: 16/16 MP: 5/8
  1435 | D:1      | Reached skill level 5 in Stealth
  1833 | D:2      | Found a shimmering altar of Xom.
  2021 | D:2      | Learned a level 3 spell: Confuse
  2722 | D:2      | Found a shadowy altar of Dithmenos.
  2726 | D:2      | Became a worshipper of Dithmenos the Shadowed
  2785 | D:3      | Noticed dvd's ghost (amateur CeAM)
  2805 | D:3      | Killed dvd's ghost
  2805 | D:3      | Reached skill level 7 in Stealth
  2805 | D:3      | Reached skill level 1 in Ice Magic
  2805 | D:3      | Reached XP level 4. HP: 9/21 MP: 4/11
  2805 | D:3      | Reached XP level 5. HP: 11/24 MP: 4/12
  2979 | D:3      | Learned a level 3 spell: Tukima's Dance
  2990 | D:3      | Noticed Terence
  2995 | D:3      | Found a blossoming altar of Fedhas.
  3221 | D:3      | Learned a level 1 spell: Sting
  3224 | D:3      | Learned a level 2 spell: Cure Poison
  3240 | D:3      | Noticed Jessica
  3412 | D:3      | Killed Jessica
  3412 | D:3      | Reached XP level 6. HP: 28/28 MP: 10/13
  3541 | D:3      | Noticed Natasha
  3547 | D:3      | Killed Natasha
  3778 | D:3      | Noticed Natasha
  3785 | D:3      | Killed Natasha
  3795 | D:3      | Noticed Natasha
  3803 | D:3      | Killed Natasha
  3849 | D:3      | Found a glowing silver altar of Zin.
  3877 | D:2      | Found an oddly glowing altar of Pakellas.
  4095 | D:4      | Reached * piety under Dithmenos
  4360 | D:4      | Reached skill level 5 in Spellcasting
  4567 | D:4      | Reached skill level 5 in Hexes
  4567 | D:4      | Reached XP level 7. HP: 32/32 MP: 15/15
  4758 | D:4      | Reached skill level 8 in Stealth
  4768 | D:5      | Entered Level 5 of the Dungeon
  4883 | D:5      | Found a stormy altar of Qazlal.
  5560 | D:5      | Noticed a hippogriff
  5563 | D:5      | Killed a hippogriff
  5693 | D:5      | Reached skill level 9 in Stealth
  5909 | D:5      | Reached XP level 8. HP: 23/37 MP: 12/18
  6363 | D:5      | Found a sparkling altar of Nemelex Xobeh.
  6363 | D:5      | Found a snail-covered altar of Cheibriados.
  6533 | D:6      | Reached skill level 1 in Fighting
  6567 | D:6      | Found an opulent altar of Gozag.
  7009 | D:7      | Reached ** piety under Dithmenos
  7024 | D:7      | Reached skill level 10 in Stealth
  7124 | D:7      | Reached skill level 5 in Dodging
  7174 | D:7      | Found an iron altar of Okawaru.
  7643 | D:7      | Found a staircase to the Ecumenical Temple.
  7665 | Temple   | Entered the Ecumenical Temple
  7886 | D:7      | Learned a level 3 spell: Dazzling Spray
  7967 | D:8      | Reached XP level 9. HP: 41/41 MP: 21/21
  8046 | D:8      | Reached skill level 11 in Stealth
  8305 | D:8      | Found a sand-covered staircase.
  8311 | Ossuary  | Entered an ossuary
  8689 | Ossuary  | Reached *** piety under Dithmenos
  8901 | D:8      | Found a basalt altar of Yredelemnul.
  9085 | D:8      | Reached skill level 12 in Stealth
  9619 | D:9      | You fall through a shaft!
  9619 | D:10     | Entered Level 10 of the Dungeon
  9643 | D:10     | Found a staircase to the Lair.
  9964 | D:10     | Reached skill level 13 in Stealth
 10009 | D:10     | Noticed a hill giant
 10010 | D:10     | Reached skill level 1 in Shields
 10017 | D:10     | Killed a hill giant
 10017 | D:10     | Reached XP level 10. HP: 44/46 MP: 23/23
 10134 | D:10     | Found a staircase to the Orcish Mines.
 10171 | D:10     | Noticed a hill giant
 10191 | D:10     | Killed a hill giant
 10485 | Lair:1   | Entered Level 1 of the Lair of Beasts
 10516 | Lair:1   | Reached skill level 14 in Stealth
 10535 | Lair:1   | Reached **** piety under Dithmenos
 10642 | Lair:1   | Noticed a spiny frog
 10663 | Lair:1   | Killed a spiny frog
 10707 | Lair:1   | Noticed a black mamba
 10714 | Lair:1   | Killed a black mamba
 10714 | Lair:1   | Reached skill level 10 in Spellcasting
 10743 | Lair:1   | Gained mutation: You have a pair of small horns on your head. [potion of beneficial mutation]
 10775 | Lair:1   | Noticed a spiny frog
 10782 | Lair:1   | Killed a spiny frog
 10961 | Lair:1   | Reached skill level 15 in Stealth
 11437 | Lair:1   | Reached XP level 11. HP: 50/50 MP: 16/26
 11907 | Lair:2   | Noticed an eight-headed hydra
 11978 | Lair:2   | Killed an eight-headed hydra
 12476 | Lair:2   | Reached skill level 10 in Hexes
 12734 | Lair:3   | Found a labyrinth entrance.
 12734 | Lair:3   | Noticed Urug
 12737 | Lair:3   | Killed Urug
 12737 | Lair:3   | Reached skill level 16 in Stealth
 12744 | Lair:3   | Noticed Rupert
 12752 | Lair:3   | Killed Rupert
 12752 | Lair:3   | Reached skill level 1 in Poison Magic
 12852 | Lab      | Entered a labyrinth
 13348 | Lab      | Reached skill level 17 in Stealth
 13713 | Lab      | Noticed a minotaur
 13718 | Lab      | Killed a minotaur
 13763 | Lab      | Identified a -1 rod of clouds (14/14) (You found it in a labyrinth)
 13911 | Lair:3   | Reached XP level 12. HP: 54/54 MP: 25/28
 13913 | Lair:3   | Reached skill level 5 in Ice Magic
 14018 | Lair:3   | Noticed Sagrath01's ghost (journeyman DsWn)
 14034 | Lair:3   | Killed Sagrath01's ghost
 14285 | Lair:3   | Reached skill level 1 in Conjurations
 14321 | Lair:3   | Noticed Fannar
 14326 | Lair:3   | Killed Fannar
 14595 | Lair:3   | Reached skill level 18 in Stealth
 15111 | Lair:4   | Learned a level 4 spell: Fulminant Prism
 15149 | Lair:4   | Noticed a six-headed hydra
 15167 | Lair:4   | Killed a six-headed hydra
 15277 | Lair:4   | Noticed a six-headed hydra
 15341 | Lair:4   | Killed a six-headed hydra
 16265 | Lair:5   | Noticed a death yak
 16659 | Lair:5   | Identified a scroll of acquirement
 16672 | Lair:5   | Got a faintly glowing robe
 16683 | Lair:5   | Identified the cursed +0 robe "Nafykor" {rN+ Int+4 SInv} (You found it on level 5 of the Lair of Beasts)
 16740 | Lair:5   | Gained mutation: Your muscles are strong. (Str +2) [potion of beneficial mutation]
 17061 | Lair:5   | Reached XP level 13. HP: 48/59 MP: 15/30
 17500 | Lair:6   | Found a staircase to the Snake Pit.
 17529 | Lair:6   | Reached ***** piety under Dithmenos
 17613 | Lair:6   | Found a staircase to the Slime Pits.
 17652 | Lair:6   | Found a staircase to the Shoals.
 17684 | Lair:6   | Reached skill level 19 in Stealth
 17872 | Lair:6   | Found a dark tunnel.
 17992 | Volcano  | Entered a volcano
 18844 | Lair:7   | Learned a level 6 spell: Deflect Missiles
 18882 | Lair:7   | Reached skill level 1 in Charms
 19107 | Lair:7   | Noticed Kirke
 19110 | Lair:7   | Killed Kirke
 19215 | Lair:7   | Reached skill level 20 in Stealth
 20078 | Lair:7   | Reached skill level 5 in Charms
 20085 | Lair:8   | Entered Level 8 of the Lair of Beasts
 20125 | Lair:7   | Reached XP level 14. HP: 63/63 MP: 12/32
 20160 | Lair:7   | Reached skill level 1 in Air Magic
 20379 | Lair:8   | Found a sacrificial altar of Ru.
 20725 | Lair:8   | Gained mutation: Armour fits poorly on your strangely shaped body. [potion of mutation]
 20725 | Lair:8   | Gained mutation: You are covered in fur (AC +1). [potion of mutation]
 20725 | Lair:8   | Gained mutation: Your magical capacity is low (-10% MP). [potion of mutation]
 21190 | Lair:7   | Learned a level 4 spell: Airstrike
 24003 | Lair:7   | Reached skill level 10 in Dodging
 24004 | Lair:7   | Reached skill level 21 in Stealth
 24017 | Lair:7   | Reached ****** piety under Dithmenos
 24256 | Lair:8   | Got a jewelled mace
 24932 | Lair:8   | Got a crystal short sword
 24950 | Lair:8   | Identified the cursed +1 short sword of Bread {speed, Dex+6} (You found it on level 8 of the Lair of Beasts)
 24952 | Lair:8   | Identified the +6 mace of Bloody Death {flame, Str+2} (You found it on level 8 of the Lair of Beasts)
 25379 | Orc:1    | Entered Level 1 of the Orcish Mines
 25867 | D:11     | Learned a level 6 spell: Invisibility
 26768 | D:12     | Gained mutation: You are agile. (Dex +2) [potion of mutation]
 26768 | D:12     | Gained mutation: You are partially covered in large bone plates (AC +2, SH +2). [potion of mutation]
 26768 | D:12     | Lost mutation: Armour fits poorly on your strangely shaped body. [potion of mutation]
 27037 | D:12     | Noticed Azrael
 27046 | D:12     | Killed Azrael
 27210 | D:12     | Reached XP level 15. HP: 68/68 MP: 28/31
 27416 | D:12     | HP: 3/68 [enormous slime creature (65)]
 27605 | D:13     | Learned a level 1 spell: Apportation
 27778 | D:13     | Found a flagged portal.
 27792 | Bailey   | Entered a bailey
 28033 | Bailey   | Gained mutation: You have a somewhat thin skeletal structure (Dex +2, Stealth). [potion of beneficial mutation]
 28894 | Orc:2    | Entered Level 2 of the Orcish Mines
 29027 | Orc:2    | Found a staircase to the Elven Halls.
 29224 | Orc:2    | Found Doczejik's Food Emporium.
 29224 | Orc:2    | Found Eteeru's Antique Armour Shop.
 29274 | Orc:2    | Reached skill level 1 in Translocations
 29551 | Orc:2    | Reached skill level 5 in Short Blades
 29571 | Orc:2    | Bought a bread ration for 50 gold pieces
 29571 | Orc:2    | Bought a bread ration for 50 gold pieces
 29571 | Orc:2    | Bought a bread ration for 50 gold pieces
 29585 | Orc:2    | Bought a ripped robe for 136 gold pieces
 29605 | Orc:2    | Identified the cursed -5 robe of Misfortune {-Cast *Contam *Tele EV-4 Str-2 Int-2 Dex-2 Stlth-- *Curse} (You bought it in a shop on level 2 of the Orcish Mines)
 29648 | Orc:2    | Found a roughly hewn altar of Beogh.
 29700 | Orc:2    | Found Ybaluil's Distillery.
 29700 | Orc:2    | Found Umophyrch's Gadget Emporium.
 29749 | Orc:2    | Reached skill level 15 in Spellcasting
 30346 | Orc:1    | Found Eriplizu's Antique Weapon Boutique.
 30659 | D:3      | Killed Terence
 31037 | Snake:1  | Entered Level 1 of the Snake Pit
 31042 | Snake:1  | Noticed Roxanne
 31285 | Snake:1  | Reached skill level 1 in Invocations
 31323 | Snake:1  | Reached skill level 22 in Stealth
 31378 | Snake:1  | Noticed Nikola
 31380 | Snake:1  | Killed Nikola
 31676 | Snake:1  | Noticed Josephine
 31699 | Snake:1  | Killed Josephine
 32201 | Snake:1  | Killed Roxanne
 32209 | Snake:1  | Identified Roxanne's Disquisition on Transformation (You took it off Roxanne on level 1 of the Snake Pit)
 32685 | Snake:2  | Noticed Aizul
 32711 | Snake:2  | Killed Aizul
 32912 | Snake:2  | Reached skill level 5 in Air Magic
 33746 | Snake:3  | Reached XP level 16. HP: 72/72 MP: 30/32
 34780 | Snake:3  | Noticed Vashnia
 35274 | Snake:3  | Found Zookitti's Book Emporium.
 36122 | Snake:3  | Killed Vashnia
 36461 | Snake:4  | Entered Level 4 of the Snake Pit
 37530 | Snake:4  | Learned a level 5 spell: Yara's Violent Unravelling
 37554 | Snake:4  | Found Wiwuock's Magic Scroll Emporium.
 38836 | Snake:4  | Reached skill level 5 in Fighting
 39365 | Snake:4  | Reached skill level 5 in Invocations
 40283 | Snake:4  | Reached XP level 17. HP: 80/80 MP: 21/34
 40884 | Snake:3  | Reached skill level 1 in Transmutations
 41094 | Snake:4  | Gained mutation: You tend to lose your temper in combat. [you]
 41437 | Snake:4  | Reached skill level 15 in Hexes
 41617 | Snake:4  | Got a serpentine rune of Zot
 42051 | D:14     | Noticed Frances
 42052 | D:14     | Noticed Nessos
 42053 | D:14     | Killed Frances
 42056 | D:14     | Killed Nessos
 42058 | D:14     | Lost mutation: Your magical capacity is low (-10% MP). [potion of cure mutation]
 42058 | D:14     | Lost mutation: You have a pair of small horns on your head. [potion of cure mutation]
 42058 | D:14     | Lost mutation: You tend to lose your temper in combat. [potion of cure mutation]
 42058 | D:14     | Lost mutation: Your muscles are strong. (Str +2) [potion of cure mutation]
 42058 | D:14     | Lost mutation: You are agile. (Dex +2) [potion of cure mutation]
 42060 | D:14     | Gained mutation: Your mind is acute. (Int +2) [potion of beneficial mutation]
 42198 | D:14     | Found a gate to the Vaults.
 42408 | D:14     | Found Xyajat's Armour Emporium.
 42477 | D:14     | Reached skill level 23 in Stealth
 42829 | D:15     | Entered Level 15 of the Dungeon
 43107 | D:15     | Found a staircase to the Depths.
 43407 | D:15     | Reached XP level 18. HP: 86/86 MP: 39/39
 44277 | Elf:1    | Entered Level 1 of the Elven Halls
 44363 | Elf:1    | Found a magical portal.
 44420 | WizLab   | Entered The Chambers of Xaloegas the Cloud Mage
 45112 | WizLab   | Noticed Xaloegas
 45181 | WizLab   | Killed Xaloegas the Cloud Mage
 45248 | WizLab   | Identified the Almanac of Air (You found it in a wizard's laboratory)
 45252 | WizLab   | Identified the Volume of Flight (You found it in a wizard's laboratory)
 45384 | WizLab   | Reached skill level 1 in Evocations
 46237 | Elf:1    | Identified Ozicuin's Grimoire of Evil (You found it on level 1 of the Elven Halls)
 46944 | Elf:1    | Reached XP level 19. HP: 92/92 MP: 36/41
 47184 | Elf:2    | Found Tebreummou's Gadget Shoppe.
 48109 | Elf:2    | Found a runed gate.
 48109 | Elf:2    | Found a runed gate.
 48109 | Elf:2    | Found a runed gate.
 49527 | Elf:3    | Entered Level 3 of the Elven Halls
 50225 | Elf:3    | Found a portal to a secret trove of treasure.
 51127 | Elf:3    | Got a heavily runed steel ring
 51201 | Elf:3    | Identified the ring of Naovumyg {Fire Stlth+} (You took it off a deep elf high priest on level 3 of the Elven Halls)
 51688 | Elf:3    | Reached skill level 24 in Stealth
 52229 | Elf:3    | Got a brightly glowing bronze ring
 52399 | Elf:3    | Reached XP level 20. HP: 100/100 MP: 37/43
 52444 | Elf:3    | Identified the ring "Xiqyf" {Int+4 Dex+2} (You took it off a deep elf sorcerer on level 3 of the Elven Halls)
 52453 | Elf:3    | Learned a level 5 spell: Cigotuvi's Embrace
 52775 | Elf:3    | Reached skill level 1 in Necromancy
 53092 | Elf:3    | Got a slimy emerald amulet
 53298 | Elf:2    | Identified the amulet of Tifi {Harm *Drain +Inv} (You took it off a deep elf sorcerer on level 3 of the Elven Halls)
 54253 | Elf:3    | Got a bloodstained cloak
 54264 | Elf:3    | Identified the cursed +0 cloak of the Will of the Gods {-Tele rPois rC+ rN+} (You found it on level 3 of the Elven Halls)
 54286 | Elf:3    | Got a warped hat
 54292 | Elf:3    | Identified the +2 hat "Riuheaf" {MR+ SInv} (You found it on level 3 of the Elven Halls)
 54467 | Elf:3    | Got a brightly glowing lapis lazuli ring
 54469 | Elf:3    | Identified the ring "Gifu" {rF+ Str+2 Int+3 Slay+6 SInv} (You took it off a deep elf master archer on level 3 of the Elven Halls)
 54869 | Vaults:1 | Entered Level 1 of the Vaults
 54958 | Vaults:1 | Identified the Compendium of Freezing Arcane Weapons
 55890 | Vaults:1 | Noticed Donald
 55893 | Vaults:1 | Killed Donald
 56176 | Vaults:1 | Learned a level 5 spell: Summon Mana Viper
 56625 | Vaults:2 | Reached skill level 5 in Shields
 57760 | Vaults:2 | Reached skill level 10 in Short Blades
 58159 | Vaults:2 | Reached XP level 21. HP: 103/105 MP: 36/45
 58350 | Vaults:3 | Reached skill level 10 in Invocations
 58441 | Vaults:3 | Found Donnyacu's Weapon Boutique.
 59725 | Vaults:3 | Reached skill level 5 in Necromancy
 60195 | Vaults:3 | Found a staircase to the Crypt.
 60754 | Vaults:4 | Reached skill level 25 in Stealth
 60948 | Vaults:4 | Noticed Boris
 60982 | Vaults:4 | Blown up by Boris

Vault maps used:
D:1:      dpeg_arrival_round_a, hangedman_abyss_or_decor_lesser_grid
D:2:      overflow_temple_1_default, marbit_many_paths,
          nicolae_overflow_hidden_temple
D:3:      zin_statuary, nicolae_overflow_crystal_walls, serial_bayou_pond_a,
          uniq_jessica, uniq_terence, uniq_natasha
D:4:      first_bread
D:5:      grunt_qazlal_clouds, gammafunk_temple_overflow_statue, minivault_26,
          serial_bayou_pond_a, grunt_decor_mini_mirrors
D:6:      lemuel_crystal_altar
D:7:      lemuel_crystal_altar, minmay_temple_entry_mist
D:8:      overflow_temple_1_default, nicolae_ossuary_entry_plus
D:9:      fiery_altar_vehumet, overflow_temple_1_default
D:10:     due_lair_maze_entry_diamond, orc_0_dummy, grunt_livestock
D:11:     nicolae_sextant
D:12:     uniq_azrael
D:13:     enter_bailey_8, nooodl_food_tri
D:14:     erik_vaults_1, serial_park_square1, serial_shops,
          nicolae_shop_competitors_out_of_business, uniq_frances, uniq_nessos
D:15:     hangedman_depths_entry_try_elsewhere_first, minmay_tree_intersection,
          item_on_display_b
Temple:   nicolae_temple_great_sept
Lair:1:   lemuel_fruit_tree
Lair:3:   lab_entry_generic, lemuel_fruit_fields, grunt_megastairs_4, uniq_urug,
          uniq_rupert, uniq_fannar
Lair:5:   cheibrodos_lair_caveside_slide, grunt_forest_small_clearings,
          minivault_19, minmay_lair_drake_nest
Lair:6:   shoals_dummy_entry, guppyfry_snake_entry_garden,
          nicolae_slime_entry_slimehenge, enter_volcano_3, minmay_lindwurm_lava
Lair:7:   special_room, uniq_kirke
Lair:8:   minmay_lair_end_frog_pond, basic_altar
Snake:1:  serial_bayou_shore_b, uniq_josephine, uniq_roxanne, uniq_nikola
Snake:2:  uniq_aizul
Snake:3:  serial_shops, shop_statue, serial_bayou_lagoon_b, uniq_vashnia
Snake:4:  minmay_snake_end_coiled, serial_shops, shop
Orc:1:    serial_shops, nicolae_shop_behind_doors
Orc:2:    st_orc_town
Elf:1:    mu_enter_wizlab_4, minmay_elf_necromancy, spider_trap, st_stairs_1,
          grunt_megastairs_2
Elf:2:    serial_shops, shop, serial_sigils_hangedman_shear, grunt_ministairs_11
Elf:3:    elf_hall, nicolae_trove_entry_crossroad
Vaults:1: hangedman_vaults_pinch, v_misc_23,
          vaults_standard_mumra_enter_the_diamond, v_misc_4,
          grunt_vaults_hallway_short, ontoclasm_vaults_loading_screen,
          v_pattern_1, ontoclasm_vaults_pinch, nicolae_vaults_little_ls,
          vaults_dpeg_cross, hangedman_vaults_stagger,
          vaults_mumra_minichess_inversion, uniq_donald
Vaults:2: nicolae_vaults_alarming, vaults_room_grid, v_pattern_2,
          nicolae_vaults_shelves_hall, ontoclasm_vaults_tryst, vaults_mumra_hex,
          nicolae_vaults_little_squares_3, vaults_room_fours,
          vaults_dpeg_diagonal, vaults_room_hallway
Vaults:3: grunt_vaults_funnel, v_rooms_6, blue_anna_dwarven_crypt, v_misc_2,
          v_misc_23, vaults_room_mumra_shop_pool, nicolae_vaults_sealed_display,
          vaults_dpeg_ring, vaults_dpeg_doors, hangedman_vaults_trim, st_cells,
          v_alt_pattern_5, vaults_mumra_lcd, vaults_room_stairs_pillars
Vaults:4: nicolae_vaults_rhombus_5, v_rooms_5, st_lattice,
          ontoclasm_vaults_twist, v_misc_17, vaults_room_door_hall, v_misc_4,
          nicolae_vaults_ring_of_whatevers, vaults_dpeg_encased_lava,
          vaults_room_corners, serial_glass, uniq_boris
Lab:      labyrinth_hidden_loot, nicolae_lab_statue, nicolae_lab_t_cross,
          labyrinth_fake_exit, lab_statue, nicolae_lab_very_dead_end,
          labyrinth_skeletal_remains, nicolae_lab_checkerboard,
          nicolae_lab_starburst, nicolae_lab_grate, nicolae_lab_x
Ossuary:  minmay_ossuary_two_tombs
Bailey:   bailey_polearm_5, bailey
Volcano:  volcano_overflow
WizLab:   wizlab_cloud

Skill      XL: |  1  2  3  4  5  6  7  8  9 10 11 12 13 14 15 16 17 18 19 20 21 |
---------------+----------------------------------------------------------------+-----
Spellcasting   | 3 4 5 6 7 8 10 11 12 13 14 15 16 17 18 19 | 19.7
Stealth        | 7 9 10 13 15 17 18 20 21 22 23 24 25 | 25.0
Hexes          | 4 5 7 8 9 10 11 12 13 14 15 16 | 16.8
Dodging        | 4 5 6 8 9 10 11 12 13 | 13.7
Ice Magic      | 1 2 4 5 6 7 |  7.5
Fighting       | 1 2 3 5 6 7 8 9 |  9.3
Short Blades   | 2 3 4 5 7 8 10 | 10.2
Shields        | 1 2 3 4 5 |  5.3
Poison Magic   | 1 2 |  2.0
Conjurations   | 1 2 3 |  3.2
Charms         | 5 7 8 |  8.8
Air Magic      | 3 5 6 7 8 |  8.5
Translocations | 3 |  3.6
Invocations    | 3 5 6 7 9 10 | 10.6
Transmutations | 2 3 |  3.1
Evocations     | 1 |  1.0
Necromancy     | 4 5 |  5.1

Action                   |  1- 3 |  4- 6 |  7- 9 | 10-12 | 13-15 | 16-18 | 19-21 || total
-------------------------+-------+-------+-------+-------+-------+-------+-------++-------
Melee: Dagger            |   133 |    47 |   305 |   383 |   811 |   808 |  1117 ||  3604
       Rapier            |       |       |       |       |    49 |       |       ||    49
Throw: Tomahawk          |       |       |       |       |       |     4 |       ||     4
 Cast: Corona            |    16 |     1 |     1 |       |       |       |       ||    18
       Ensorcelled Hiber |    30 |    12 |    50 |   141 |   318 |    69 |    66 ||   686
       Confuse           |     2 |     8 |    47 |    36 |   132 |    60 |    73 ||   358
       Sting             |       |     5 |    12 |    26 |    39 |       |     1 ||    83
       Tukima's Dance    |       |       |    12 |     2 |    54 |   125 |   105 ||   298
       Dazzling Spray    |       |       |       |     7 |     8 |    83 |    94 ||   192
       Cure Poison       |       |       |       |     1 |       |     3 |       ||     4
       Fulminant Prism   |       |       |       |     3 |    31 |    13 |     4 ||    51
       Airstrike         |       |       |       |       |    40 |   116 |   181 ||   337
       Deflect Missiles  |       |       |       |       |     4 |     9 |     1 ||    14
       Apportation       |       |       |       |       |     1 |       |       ||     1
       Yara's Violent Un |       |       |       |       |       |    10 |    21 ||    31
       Invisibility      |       |       |       |       |       |     1 |       ||     1
       Cigotuvi's Embrac |       |       |       |       |       |       |    38 ||    38
       Summon Mana Viper |       |       |       |       |       |       |     2 ||     2
Invok: Shadow Step       |       |       |       |     3 |     5 |     7 |     2 ||    17
 Abil: Evoke Flight      |       |       |       |       |       |       |     1 ||     1
Evoke: Wand              |       |       |       |     1 |    12 |    10 |     5 ||    28
  Use: Scroll            |       |     5 |     7 |    13 |    28 |    11 |     6 ||    70
       Potion            |       |       |       |    14 |    11 |    12 |     3 ||    40
 Stab: Sleeping          |    26 |    18 |    71 |   109 |   274 |   119 |   125 ||   742
       Confused          |     4 |     4 |    34 |    19 |    65 |    27 |    47 ||   200
       Distracted        |       |       |       |       |     2 |    10 |    17 ||    29
       Invisible         |       |       |       |       |       |    25 |    20 ||    45
  Eat: Pizza             |     1 |       |     1 |     3 |     6 |       |     1 ||    12
       Bread ration      |       |     1 |       |     2 |     2 |     2 |     2 ||     9
       Fruit             |       |       |       |     1 |       |     2 |     2 ||     5
       Royal jelly       |       |       |       |       |     1 |     1 |       ||     2
